 Dungeon Crawl Stone Soup version 0.27-a0-1548-gf8a67e7463 (webtiles) character file.

Game seed: 14090384773338468362

55595 Gwenloh the Grappler (level 14, -6/118 HPs)
             Began as a Troll Monk on July 13, 2021.
             Was the Champion of Zin.
             Mangled by a death knight (34 damage)
             ... on level 12 of the Dungeon on July 14, 2021.
             The game lasted 01:53:11 (17732 turns).

Gwenloh the Grappler (Troll Monk)                  Turns: 17732, Time: 01:53:11

Health: -6/118     AC: 13    Str: 27    XL:     14   Next: 38%
Magic:  22/22      EV: 10    Int: 11    God:    Zin [******]
Gold:   1060       SH: 12    Dex: 21    Spells: 13/13 levels left

rFire    + . .     SeeInvis .     - Unarmed
rCold    . . .     Faith    .   H - +0 kite shield
rNeg     . . .     Spirit   .   M - +3 troll leather armour
rPois    ∞         Reflect  .   (helmet restricted)
rElec    .         Harm     .   u - +2 cloak
rCorr    .         Rampage  .   (gloves unavailable)
Will     +....                  (boots unavailable)
Stlth    ++........             f - amulet of regeneration
HPRegen  3.29/turn              o - ring of flight
MPRegen  0.18/turn              L - ring of protection from fire

@: vitalised, reciting, on recite cooldown, flying, studying Invocations
A: large, unfitting armour, claws 3, regeneration 1, shaggy fur 1, tough skin 1
a: Renounce Religion, Recite, Vitalisation, Imprison, Sanctuary, Donate Gold


You were on level 12 of the Dungeon.
You worshipped Zin.
Zin was exalted by your worship.
You visited 3 branches of the dungeon, and saw 19 of its levels.
You also visited: Sewer.

You collected 1251 gold pieces.
You spent 66 gold pieces at shops.
You donated 125 gold pieces to Zin.

Inventory:

Hand Weapons
 a - a +3 scimitar of flaming
Missiles
 d - 536 stones
 k - 4 large rocks
 l - 79 poisoned darts (quivered)
 w - 9 curare-tipped darts
Armour
 u - a +2 cloak (worn)
 B - +0 acid dragon scales
 C - +0 fire dragon scales
 D - a +0 robe
 H - a +0 kite shield (worn)
 M - a +3 troll leather armour (worn)
 T - +2 ice dragon scales
Jewellery
 f - an amulet of regeneration (around neck)
 o - a ring of flight (left claw)
 F - a ring of poison resistance
 K - a ring of positive energy
 L - a ring of protection from fire (right claw)
 N - an amulet of faith
 Q - an amulet of guardian spirit
 X - a ring of willpower
Wands
 e - a wand of paralysis (21)
 n - a wand of charming (21)
 t - a wand of digging (4)
 y - a wand of iceblast (28)
 E - a wand of mindburst (8)
 V - a wand of acid (6)
Scrolls
 b - a scroll of brand weapon
 g - 3 scrolls of enchant weapon
 h - a scroll of blinking
 i - a scroll of fog
 j - 14 scrolls of teleportation
 q - 3 scrolls of silence
 r - a scroll of summoning
 s - 3 scrolls of magic mapping
 J - a scroll of amnesia
 R - a scroll of fear
 S - a scroll of holy word
 Y - 2 scrolls of identify
Potions
 c - a potion of magic
 m - 3 potions of might {unknown}
 p - 8 potions of curing
 v - a potion of berserk rage {unknown}
 x - a potion of heal wounds
 z - 5 potions of flight
 A - 2 potions of ambrosia {unknown}
 G - a potion of cancellation {unknown}
 I - a potion of attraction {unknown}
 O - a potion of invisibility
 P - a potion of degeneration {unknown}
 U - a potion of resistance {unknown}
 W - 2 potions of brilliance {unknown}
 Z - a potion of mutation {unknown}


   Skills:
 - Level 2.4 Fighting
 + Level 12.9 Throwing
 - Level 5.8 Armour
 - Level 2.4 Dodging
 - Level 1.0 Stealth
 + Level 7.4 Shields
 + Level 13.7 Unarmed Combat
 + Level 13.0 Invocations


You had 13 spell levels left.
You didn't know any spells.
Your spell library contained the following spells:

 Spells                   Type           Power      Damage    Failure   Level
 Beastly Appendage        Tmut           0%         N/A       50%         1
 Shock                    Conj/Air       0%         1d3       50%         1
 Ensorcelled Hibernation  Hex/Ice        0%         N/A       63%         2
 Wereblood                Tmut           0%         N/A       63%         2
 Conjure Flame            Conj/Fire      0%         6-21      86%         3
 Frozen Ramparts          Ice            0%         1d2       86%         3
 Gell's Gravitas          Tloc           0%         N/A       86%         3
 Ignite Poison            Fire/Tmut/Pois 0%         N/A       86%         3
 Inner Flame              Hex/Fire       0%         N/A       86%         3
 Lesser Beckoning         Tloc           0%         N/A       86%         3
 Spider Form              Tmut/Pois      0%         N/A       86%         3
 Swiftness                Air            0%         N/A       86%         3
 Teleport Other           Tloc           0%         N/A       86%         3
 Airstrike                Air            0%         N/A       99%         4
 Cause Fear               Hex            0%         N/A       99%         4
 Fulminant Prism          Conj/Hex       0%         3d6       99%         4
 Ice Form                 Ice/Tmut       0%         N/A       99%         4
 Iskenderun's Mystic Bla  Conj/Tloc      0%         2d3       99%         4
 Sticky Flame             Conj/Fire      0%         2d3       99%         4
 Summon Ice Beast         Ice/Summ       0%         N/A       99%         4
 Lee's Rapid Deconstruct  Erth           0%         3d5*      100%        5
 Summon Mana Viper        Hex/Summ       0%         N/A       100%        5
 Yara's Violent Unravell  Hex/Tmut       0%         3d3       100%        5
 Discord                  Hex            0%         N/A       100%        8


Dungeon Overview and Level Annotations

Branches:
Dungeon (12/15)            Temple (1/1) D:4            Lair (6/6) D:9
  Swamp (0/4) Lair:3       Spider (0/4) Lair:3        Slime (0/5) Lair:6
  Sewer (visited)
    Orc: D:9-12

Altars:
Ashenzari
Cheibriados
Dithmenos
Elyvilon
Fedhas
Gozag
Hepliaklqana
Kikubaaqudgha
Makhleb
Nemelex Xobeh
Okawaru
Qazlal
Ru
Sif Muna
Trog
Uskayaw
Vehumet
Wu Jian
Xom
Yredelemnul
Zin
The Shining One

Shops:
D:4 [   D:5 *?

Annotations:
D:11 Maurice
Lair:2 exclusion: 4 oklob plants


Innate Abilities, Weirdness & Mutations

You are too large for most types of armour.
You have claws for hands.
Your natural rate of healing is unusually fast.
You are covered in fur. (AC +1)
You have tough skin. (AC +1)


Message History

* * * LOW HITPOINT WARNING * * *
You claw the death knight!
The death knight is severely wounded.
The death knight barely misses you.
You claw the death knight!
The death knight is almost dead.
The death knight hits you with a +0 great mace!!
* * * LOW HITPOINT WARNING * * *
You feel much better.
The death knight mumbles some strange prayers to Yredelemnul against you.
Your body is wracked with pain!
* * * LOW HITPOINT WARNING * * *
You scratch the death knight.
The death knight is almost dead.
The death knight hits you with a +0 great mace!
* * * LOW HITPOINT WARNING * * *
You barely miss the death knight.
The death knight is almost dead.
You feel much better.
The death knight hits you with a +0 great mace!
* * * LOW HITPOINT WARNING * * *
You scratch the death knight.
The death knight is almost dead.
The death knight closely misses you.
You barely miss the death knight.
The death knight is almost dead.
The death knight closely misses you.
You scratch the death knight.
The death knight is almost dead.
You block the death knight's attack.
You barely miss the death knight.
The death knight is almost dead.
You are ready to recite again.
You scratch the death knight but do no damage.
The death knight is almost dead.
The death knight barely misses you.
You clear your throat and prepare to recite. "It is just that the hordes of the Abyss shall be purified..."
The death knight hits you with a +0 great mace!!
You die...

#...J..#.#
#.# #. #..#.#
#.# #..#..')#
#.#
#...[#.####.#
#?##.#†<....#
#.§.l#†###..#
#..###.# #..#
.... #.###..#
.[W#.
#..@p.)# ..
#. #..###.# #
. #....†.# ##
#..##### #..#
##'..#
###....#
###.(.##.#
###...####.#


You could see a death knight.

Vanquished Creatures
  A fire dragon (Lair:6)
  5 hydras
  A catoblepas (Lair:2)
  A centaur warrior (D:12)
  Erica (D:8)
  3 two-headed ogres
  10 death yaks
  Nergalle (Lair:4)
  A goliath frog (Lair:4)
  2 swamp dragons
  A lindwurm (Lair:6)
  An ugly thing (D:12)
  A deep elf pyromancer (D:12)
  A manticore (D:12)
  Joseph (D:7)
  An ice statue (Lair:6)
  8 elephants
  3 molten gargoyles (Lair:6)
  3 black mambas
  A torpor snail (Lair:4)
  3 rime drakes
  9 cane toads
  An unseen horror (D:12)
  Maggie (D:7)
  A freezing wraith (Lair:5)
  19 komodo dragons
  2 trolls
  5 polar bears
  A tyrant leech (Lair:4)
  6 blink frogs
  15 dream sheep
  2 hornets
  4 slime creatures
  A redback (Lair:3)
  5 wyverns
  25 yaks
  A wraith (D:12)
  9 basilisks
  A steam dragon (Lair:5)
  5 vampire mosquitoes (D:12)
  2 swamp worms (Lair:4)
  An acid dragon (D:12)
  5 hell hounds (Lair:6)
  6 orc warriors
  19 water moccasins
  A sky beast (D:8)
  2 black bears (D:5)
  The ghost of hark the Shield-Bearer, an amateur MiFi (D:3)
  7 ice beasts (Lair:6)
  16 wolves
  3 centaurs
  2 phantoms
  6 kobold brigands
  16 bullfrogs
  3 scorpions
  A wyvern skeleton (D:7)
  15 wights
  3 killer bees (D:10)
  2 electric eels (D:9)
  A howler monkey (D:12)
  3 jellies
  5 lava snakes (Lair:6)
  3 centaur zombies
  A bullfrog zombie (D:5)
  4 hounds
  5 orc priests
  3 iguanas
  8 orc wizards
  A killer bee zombie (D:7)
  A howler monkey zombie (D:8)
  6 gnolls
  9 adders
  A river rat (Sewer)
  A white imp (D:8)
  2 ufetubi (D:5)
  2 worms
  4 dart slugs
  30 orcs
  7 ball pythons
  10 endoplasms
  5 giant cockroaches
  4 goblins
  6 hobgoblins
  A jackal (Sewer)
  7 quokkas
  6 bats
  A frilled lizard (D:3)
  23 kobolds
  9 rats
  A pillar of salt (D:10)
444 creatures vanquished.

Vanquished Creatures (others)
  A swamp worm (Lair:4)
  A sky beast (D:8)
  A bush (Lair:5)
  22 fungi
  33 plants
  4 toadstools (D:6)
62 creatures vanquished.

Grand Total: 506 creatures vanquished

Notes
Turn   | Place    | Note
-------+----------+-------------------------------------------
     0 | D:1      | Gwenloh the Troll Monk began the quest for the Orb.
     0 | D:1      | Reached XP level 1. HP: 22/22 MP: 0/0
    28 | D:1      | Found a faded altar of an unknown god.
   209 | D:1      | Reached XP level 2. HP: 29/29 MP: 1/1
   283 | D:1      | Found Zefai's Armour Emporium.
   698 | D:2      | Reached skill level 1 in Throwing
   698 | D:2      | Reached XP level 3. HP: 36/36 MP: 2/2
   833 | D:2      | Reached XP level 4. HP: 42/44 MP: 3/3
  1490 | D:3      | Reached XP level 5. HP: 50/50 MP: 4/4
  1595 | D:3      | You fall into a shaft and drop 1 floor!
  1601 | D:4      | Found a staircase to the Ecumenical Temple.
  1610 | Temple   | Entered the Ecumenical Temple
  1795 | Temple   | Became a worshipper of Zin the Law-Giver
  1795 | Temple   | Reached * piety under Zin
  1795 | Temple   | Reached ** piety under Zin
  2025 | D:3      | Noticed hark's ghost (amateur MiFi)
  2026 | D:3      | Found a runed translucent gate.
  2027 | D:3      | Found a runed translucent gate.
  2027 | D:3      | Found a runed translucent gate.
  2460 | D:3      | Reached skill level 5 in Unarmed Combat
  2771 | D:3      | Killed hark's ghost
  2772 | D:3      | Reached skill level 1 in Invocations
  2772 | D:3      | Reached XP level 6. HP: 55/59 MP: 5/5
  2873 | D:4      | Found Amehon's Armour Shoppe.
  3232 | D:4      | Found a hazy altar of Hepliaklqana.
  4040 | D:5      | Entered Level 5 of the Dungeon
  4040 | D:5      | Found Diniogg's Magic Scroll Emporium.
  4051 | D:5      | Bought a scroll of fear for 42 gold pieces
  4051 | D:5      | Bought a scroll of fog for 24 gold pieces
  4244 | D:5      | Reached XP level 7. HP: 66/66 MP: 7/7
  4399 | D:5      | Reached *** piety under Zin
  4485 | D:5      | Found Piddiwib's Assorted Antiques.
  4524 | D:5      | Noticed a two-headed ogre
  4622 | D:5      | Killed a two-headed ogre
  4623 | D:5      | Reached skill level 5 in Throwing
  4623 | D:5      | Reached XP level 8. HP: 74/74 MP: 7/9
  5609 | D:6      | Found a glowing drain.
  5647 | Sewer    | Entered a sewer
  5742 | Sewer    | Reached XP level 9. HP: 80/80 MP: 11/11
  5768 | Sewer    | Found a white marble altar of Elyvilon.
  5940 | D:6      | Reached **** piety under Zin
  5957 | D:6      | Reached ***** piety under Zin
  6037 | D:7      | Noticed Maggie
  6048 | D:7      | Killed Maggie
  6262 | D:7      | Noticed Joseph
  6301 | D:7      | Killed Joseph
  6364 | D:7      | Noticed a troll
  6379 | D:7      | Killed a troll
  6484 | D:7      | Reached skill level 5 in Invocations
  7064 | D:8      | Noticed Erica
  7081 | D:8      | Killed Erica
  7082 | D:8      | Reached skill level 10 in Unarmed Combat
  7082 | D:8      | Reached XP level 10. HP: 68/88 MP: 10/13
  7121 | D:8      | Identified the +1 trident "Jixi" {pain, Will++ Dex+6}
  7132 | D:8      | Found a basalt altar of Yredelemnul.
  7415 | D:8      | Found a glowing golden altar of the Shining One.
  7420 | D:8      | Found an iron altar of Okawaru.
  7420 | D:8      | Found a blossoming altar of Fedhas.
  7483 | D:8      | Reached skill level 1 in Armour
  7594 | D:8      | Noticed a two-headed ogre
  7639 | D:8      | Killed a two-headed ogre
  7795 | D:8      | Found a snail-covered altar of Cheibriados.
  8204 | D:9      | Reached XP level 11. HP: 94/94 MP: 14/14
  8265 | D:9      | Reached skill level 10 in Throwing
  8558 | D:9      | Found a staircase to the Lair.
  8925 | Lair:1   | Entered Level 1 of the Lair of Beasts
  9111 | Lair:1   | Noticed an eight-headed hydra
  9777 | Lair:2   | Reached skill level 1 in Shields
  9956 | Lair:2   | Noticed an oklob plant
 10010 | Lair:2   | Identified a scroll of acquirement
 10011 | Lair:2   | Acquired a manual of Invocations
 10023 | Lair:2   | Noticed a catoblepas
 10035 | Lair:2   | Killed a catoblepas
 10690 | Lair:2   | Noticed an oklob plant
 10690 | Lair:2   | Noticed an oklob plant
 10690 | Lair:2   | Noticed an oklob plant
 10735 | Lair:3   | Reached XP level 12. HP: 104/104 MP: 17/17
 10786 | Lair:3   | Found a hole to the Spider Nest.
 10862 | Lair:3   | Found a staircase to the Swamp.
 10898 | Lair:3   | Noticed a death yak
 10899 | Lair:3   | Noticed a death yak
 11034 | Lair:3   | Reached ****** piety under Zin
 11138 | Lair:3   | Reached skill level 5 in Armour
 11540 | Lair:3   | Noticed a death yak
 11541 | Lair:3   | Noticed a death yak
 11557 | Lair:3   | Noticed a death yak
 11558 | Lair:3   | Noticed a death yak
 11566 | Lair:3   | Killed a death yak
 11649 | Lair:3   | Killed a death yak
 11654 | Lair:3   | Killed a death yak
 11660 | Lair:3   | Killed a death yak
 11693 | Lair:3   | Killed a death yak
 11702 | Lair:3   | Killed a death yak
 12066 | Lair:4   | Noticed a death yak
 12067 | Lair:4   | Noticed a death yak
 12070 | Lair:4   | Noticed a death yak
 12074 | Lair:4   | Noticed a death yak
 12077 | Lair:4   | Killed a death yak
 12078 | Lair:4   | Reached skill level 10 in Invocations
 12082 | Lair:4   | Killed a death yak
 12092 | Lair:4   | Killed a death yak
 12106 | Lair:4   | Killed a death yak
 12107 | Lair:4   | Reached XP level 13. HP: 74/110 MP: 19/19
 12184 | Lair:4   | Noticed Nergalle
 12221 | Lair:4   | Killed Nergalle
 12316 | Lair:4   | Reached skill level 5 in Shields
 14893 | Lair:6   | Entered Level 6 of the Lair of Beasts
 15709 | Lair:6   | Found a staircase to the Slime Pits.
 15842 | Lair:6   | Reached XP level 14. HP: 118/118 MP: 20/22
 16247 | Lair:6   | Found a large runed translucent door.
 16247 | Lair:6   | Found a large runed translucent door.
 16734 | Lair:6   | Identified the +8 scale mail of Terror {rElec rCorr}
 17009 | Lair:6   | Got Wailorphaeth's Grimoire of the Glacier and Execration
 17174 | D:10     | Entered Level 10 of the Dungeon
 17424 | D:10     | You are sucked into a shaft and drop 2 floors!
 17534 | D:11     | Noticed Maurice
 17699 | D:12     | Zin protects you from harm!
 17722 | D:12     | HP: 2/118 [death knight (19)]
 17732 | D:12     | Mangled by a death knight

Illustrated notes

Levels and vault maps discovered:
D:1:      roderic_crossed_star, layout_basic, serial_shops, shop,
          shapermc_ecumenical_altar_venn
D:2:      minmay_chambers_of_twos, layout_rooms, serial_glass, glass_columns_a,
          glass_columns_b, glass_columns_a, glass_columns_c, glass_columns_a,
          minmay_strange_pillars, minmay_strange_pillars
D:3:      layout_basic, gammafunk_ghost_nasty_kobolds, minmay_parallelograms
D:4:      layout_layer_cave, nzn_hepliaklqana_mist_gate,
          minmay_temple_entry_slanted, serial_shops, nicolae_stop_n_shop_2,
          minmay_misc_feat_enclosed
D:5:      layout_basic, serial_shops, nicolae_stop_n_shop_2,
          kennysheep_mini_moat, kennysheep_small_square
D:6:      layout_rooms, portal_sewer_entry_f, minmay_gold_behind_fungi
D:7:      layout_basic, uniq_maggie, uniq_joseph
D:8:      layout_loops_ring, grunt_temple_overflow_open,
          nicolae_overflow_crystal_walls, minmay_fractal_squares_5, uniq_erica
D:9:      layout_roguey, erik_lair_island
D:10:     cheibrodos_helix_gallery, layout_loops_ring
D:11:     layout_cave_pools, erik_orc_2, nicolae_dithmenos_the_darkroom,
          uniq_maurice
D:12:     minmay_the_grid_triangle_9x9_rhombus_full_mashed
          [minmay_the_grid_triangle_9x9_steps,
          minmay_the_grid_triangle_9x9_checkered,
          minmay_the_grid_triangle_9x9_intruding_spiral,
          minmay_the_grid_triangle_9x9_odd_lines,
          minmay_the_grid_triangle_9x9_alien,
          minmay_the_grid_triangle_9x9_thin_v,
          minmay_the_grid_triangle_9x9_sparse_checkered,
          minmay_the_grid_triangle_9x9_prize_schism], layout_loops_ring,
          st_stairs_5
Temple:   eino_temple_rhombus
Lair:1:   layout_regular_city, grunt_forest_small_clearings,
          cheibrodos_lair_caveside_slide, chequers_serial_rivers_small_a,
          grunt_forest_stairs_basic
Lair:2:   layout_regular_city, grunt_megastairs_2, minmay_lair_oklob_chamber
Lair:3:   layout_chaotic_city, swamp_mist, spider_nest_entry_webs,
          beast_lair_carwin_6, lemuel_fruit_fields
Lair:4:   onia_ninara_swampy_vault, layout_cave_pods, grunt_megastairs_4,
          lemuel_fruit_tree, uniq_nergalle
Lair:5:   layout_loops_ring, columned_hall_lemuel
Lair:6:   cheibrodos_lair_end_hotspot, layout_cave_pods,
          minmay_slime_entry_pillars, st_stairs_10, ice2_lemuel

Skill      XL: |  1  2  3  4  5  6  7  8  9 10 11 12 13 14 |
---------------+-------------------------------------------+-----
Throwing       | 1 2 3 4 5 6 8 9 10 11 12 | 12.9
Unarmed Combat | 4 5 6 7 8 10 11 12 13 | 13.7
Invocations    | 1 3 4 5 6 8 10 12 13 | 13.0
Armour         | 2 4 5 |  5.8
Shields        | 2 4 6 7 |  7.4
Fighting       | |  2.4
Dodging        | |  2.4
Stealth        | |  1.0

Action                   |  1- 3 |  4- 6 |  7- 9 | 10-12 | 13-15 || total
-------------------------+-------+-------+-------+-------+-------++-------
Melee: Unarmed           |    38 |   140 |   177 |   608 |   535 ||  1498
       Punch             |       |     6 |    10 |    37 |       ||    53
       Scimitar          |       |       |       |       |    64 ||    64
Throw: Stone             |    31 |   114 |    19 |       |    11 ||   175
       Dart              |       |    58 |    68 |   112 |    15 ||   253
       Large rock        |       |     4 |    10 |     1 |    14 ||    29
       Boomerang         |       |       |     6 |   124 |    11 ||   141
       Javelin           |       |       |       |     6 |   119 ||   125
Invok: Vitalisation      |       |     1 |     3 |    11 |    17 ||    32
       Recite            |       |     1 |     4 |     8 |     4 ||    17
       Imprison          |       |       |       |       |     1 ||     1
Evoke: Wand              |       |       |       |     1 |    10 ||    11
  Use: Scroll            |       |     6 |     4 |    11 |     3 ||    24
       Potion            |       |       |       |       |     2 ||     2
 Stab: Sleeping          |     1 |       |       |       |     1 ||     2
       Fleeing           |       |       |     1 |       |       ||     1
       Confused          |       |       |       |     5 |       ||     5
       Paralysed         |       |       |       |     4 |       ||     4
       Invisible         |       |       |       |     1 |       ||     1
       Distracted        |       |       |       |       |     1 ||     1
Armor: Robe              |     6 |    22 |    61 |       |       ||    89
       Acid dragon scale |       |       |    29 |     3 |       ||    32
       Troll leather arm |       |       |       |   207 |   268 ||   475
Dodge: Dodged            |    17 |    59 |   102 |   176 |   223 ||   577
Block: Kite shield       |       |       |       |    14 |   343 ||   357
       Rpst.: Scimitar   |       |       |       |       |    10 ||    10

Table legend: (Time is in decaauts)
 A = Elapsed time spent in this place.
 B = Non-inter-level travel time spent in this place.
 C = Inter-level travel time spent in this place.
 D = Time resting spent in this place.
 E = Time spent auto-exploring this place.
 F = Levels seen in this place.
 G = Mean time per level.
                   A        B        C        D        E       F      G
               +--------+--------+--------+--------+--------+-----+--------+
         Total |  17522 |  16133 |   1389 |    350 |   9997 |  20 |  876.1 |
       Dungeon |   9128 |   8330 |    798 |    226 |   6030 |  12 |  760.7 |
        Temple |    195 |    186 |      9 |      0 |    174 |   1 |  195.0 |
          Lair |   8016 |   7434 |    582 |    124 |   3683 |   6 | 1336.0 |
         Sewer |    181 |    181 |      0 |      0 |    109 |   1 |  181.0 |
               +--------+--------+--------+--------+--------+-----+--------+

Top non-repeatable levels by time:
  Lair:6: 2046 daAuts
  Lair:4: 1714 daAuts
     D:5: 1368 daAuts
     D:4: 1213 daAuts
  Lair:5: 1211 daAuts
     D:3: 1199 daAuts
  Lair:3: 1112 daAuts
     D:8: 1009 daAuts
  Lair:2: 1005 daAuts
     D:9: 929 daAuts
  Lair:1: 925 daAuts
     D:2: 913 daAuts
     D:7: 771 daAuts
     D:6: 606 daAuts
     D:1: 576 daAuts
